SL
VANCOUVER GREY WOLVES @ ROCKY MOUNTAIN NUGGETS
06/14/2021
 
TOP OF THE 1ST
Vancouver Grey Wolves batting - Pitching for Rocky Mountain Nuggets : RHP Félix Jiménez
Pitching: RHP Félix Jiménez
Batting: LHB Héctor Cortéz 0-0: Called Strike
0-1: Ball
1-1: Ground out 6-3 (Groundball, 6M)
Batting: SHB Todd Schenkel 0-0: Ball
1-0: Ball
2-0: Ball
3-0: Called Strike
3-1: Fly out, F9 (Popup, 89S)
Batting: LHB Timmy Appeldoorn 0-0: Called Strike
0-1: Called Strike
0-2: Strikes out swinging
Top of the 1st over - 0 run(s), 0 hit(s), 0 error(s), 0 left on base; Vancouver 0 - Rocky Mountain 0
BOTTOM OF THE 1ST
Rocky Mountain Nuggets batting - Pitching for Vancouver Grey Wolves : LHP Allen Blair
Pitching: LHP Allen Blair
Batting: LHB Chris Whiteside 0-0: Foul Ball, location: 2F
0-1: Ground out 3-1 (Groundball, 34)
Batting: RHB Juan Ávila 0-0: Ball
1-0: Ball
2-0: Called Strike
2-1: Ball
3-1: Called Strike
3-2: Strikes out swinging
Batting: RHB Toshitsugu Sakamoto 0-0: Ball
1-0: Ball
2-0: Fly out, F5 (Popup, 25F)
Bottom of the 1st over - 0 run(s), 0 hit(s), 0 error(s), 0 left on base; Vancouver 0 - Rocky Mountain 0
TOP OF THE 2ND
Vancouver Grey Wolves batting - Pitching for Rocky Mountain Nuggets : RHP Félix Jiménez
Batting: LHB David Hubbard 0-0: Ball
1-0: Called Strike
1-1: Foul Ball, location: 2F
1-2: Strikes out swinging
Batting: RHB Luis Muñóz 0-0: Ball
1-0: Ball
2-0: Called Strike
2-1: Ball
3-1: Swinging Strike
3-2: SOLO HOME RUN (Line Drive, 7D), Distance : 381 ft
Batting: RHB Edmund Gallagher 0-0: Called Strike
0-1: SINGLE (Line Drive, 6MD)
Batting: RHB Ramón Cabral 0-0: Called Strike
0-1: Foul Ball, location: 2F
0-2: Strikes out swinging
Batting: RHB Greg Robinson 0-0: SINGLE (Groundball, 56D)
Edmund Gallagher to second
Batting: LHB Felipe López 0-0: Ball
1-0: Called Strike
1-1: Ball
2-1: Called Strike
2-2: Ball
3-2: Strikes out looking
Top of the 2nd over - 1 run(s), 3 hit(s), 0 error(s), 2 left on base; Vancouver 1 - Rocky Mountain 0
BOTTOM OF THE 2ND
Rocky Mountain Nuggets batting - Pitching for Vancouver Grey Wolves : LHP Allen Blair
Batting: RHB David Verhoeve 0-0: Foul Ball, location: 2F
0-1: Swinging Strike
0-2: Strikes out swinging
Batting: RHB Michael Riley 0-0: Ball
1-0: Foul Ball, location: 2F
1-1: TRIPLE (Flyball, 9LS)
Batting: RHB Mark O'Monaghan 0-0: Ball
1-0: Ground out 6-3 (Groundball, 6M)
Michael Riley scores
Batting: LHB Juan Ríos 0-0: Ball
1-0: Called Strike
1-1: Ball
2-1: Called Strike
2-2: Strikes out looking
Bottom of the 2nd over - 1 run(s), 1 hit(s), 0 error(s), 0 left on base; Vancouver 1 - Rocky Mountain 1
TOP OF THE 3RD
Vancouver Grey Wolves batting - Pitching for Rocky Mountain Nuggets : RHP Félix Jiménez
Batting: LHB Héctor Cortéz 0-0: Ball
1-0: Ball
2-0: Ball
3-0: Called Strike
3-1: Swinging Strike
3-2: Base on Balls
Batting: SHB Todd Schenkel 0-0: Foul Ball, location: 2F
0-1: Grounds into double play, U4-3 (Groundball, 4)
Batting: LHB Timmy Appeldoorn 0-0: Ground out 4-3 (Groundball, 4M)
Top of the 3rd over - 0 run(s), 0 hit(s), 0 error(s), 0 left on base; Vancouver 1 - Rocky Mountain 1
BOTTOM OF THE 3RD
Rocky Mountain Nuggets batting - Pitching for Vancouver Grey Wolves : LHP Allen Blair
Batting: LHB Randy Bowen 0-0: Called Strike
0-1: Ball
1-1: Ball
2-1: Foul Ball, location: 2F
2-2: DOUBLE (Line Drive, 78XD)
Batting: SHB Jorge Colomo 0-0: Called Strike
0-1: Ball
1-1: Foul Ball, location: 2F
1-2: Ball
2-2: Ground out 6-3 (Groundball, 6)
Batting: LHB Chris Whiteside 0-0: Called Strike
0-1: Foul Ball, location: 2F
0-2: Ball
1-2: Ball
2-2: Ball
3-2: Fly out, F6 (Popup, 6S)
Batting: RHB Juan Ávila 0-0: Ball
1-0: Ground out 6-3 (Groundball, 6M)
Bottom of the 3rd over - 0 run(s), 1 hit(s), 0 error(s), 1 left on base; Vancouver 1 - Rocky Mountain 1
TOP OF THE 4TH
Vancouver Grey Wolves batting - Pitching for Rocky Mountain Nuggets : RHP Félix Jiménez
Batting: LHB David Hubbard 0-0: Foul Ball, location: 2F
0-1: Foul Ball, location: 2F
0-2: Strikes out swinging
Batting: RHB Luis Muñóz 0-0: Ball
1-0: Ball
2-0: Fly out, F8 (Flyball, 8RM)
Batting: RHB Edmund Gallagher 0-0: Ball
1-0: Called Strike
1-1: Foul Ball, location: 2F
1-2: Ball
2-2: Foul Ball, location: 2F
2-2: Strikes out swinging
Top of the 4th over - 0 run(s), 0 hit(s), 0 error(s), 0 left on base; Vancouver 1 - Rocky Mountain 1
BOTTOM OF THE 4TH
Rocky Mountain Nuggets batting - Pitching for Vancouver Grey Wolves : LHP Allen Blair
Batting: RHB Toshitsugu Sakamoto 0-0: Ball
1-0: Ball
2-0: Called Strike
2-1: Foul Ball, location: 2F
2-2: Strikes out swinging
Batting: RHB David Verhoeve 0-0: Called Strike
0-1: Swinging Strike
0-2: Strikes out looking
Batting: RHB Michael Riley 0-0: Foul Ball, location: 2F
0-1: SINGLE (Flyball, 89S)
Batting: RHB Mark O'Monaghan 0-0: Called Strike
0-1: Ball
1-1: Called Strike
1-2: Ball
2-2: Strikes out swinging
Bottom of the 4th over - 0 run(s), 1 hit(s), 0 error(s), 1 left on base; Vancouver 1 - Rocky Mountain 1
TOP OF THE 5TH
Vancouver Grey Wolves batting - Pitching for Rocky Mountain Nuggets : RHP Félix Jiménez
Batting: RHB Ramón Cabral 0-0: Ball
1-0: Foul Ball, location: 2F
1-1: Ball
2-1: Ground out 5-3 (Groundball, 56)
Batting: RHB Greg Robinson 0-0: Ball
1-0: Ball
2-0: Ball
3-0: Called Strike
3-1: Swinging Strike
3-2: Foul Ball, location: 2F
3-2: Base on Balls
Batting: LHB Felipe López 0-0: Swinging Strike
0-1: Ball
1-1: Fly out, F5 (Popup, 5SF)
Batting: LHB Héctor Cortéz 0-0: Called Strike
0-1: Swinging Strike
0-2: Strikes out looking
Top of the 5th over - 0 run(s), 0 hit(s), 0 error(s), 1 left on base; Vancouver 1 - Rocky Mountain 1
BOTTOM OF THE 5TH
Rocky Mountain Nuggets batting - Pitching for Vancouver Grey Wolves : LHP Allen Blair
Batting: LHB Juan Ríos 0-0: SINGLE (Line Drive, 34D)
Batting: LHB Randy Bowen 0-0: Bunt missed!
0-1: Ball
1-1: Sac Bunt - play at second, runner OUT! 1-6
Batting: SHB Jorge Colomo 0-0: Called Strike
Randy Bowen is caught stealing 2nd base
0-1: Ball
1-1: Foul Ball, location: 2F
1-2: Ball
2-2: Ball
3-2: Foul Ball, location: 2F
3-2: SINGLE (Groundball, 6MD)
Batting: LHB Chris Whiteside 0-0: Ball
1-0: SINGLE (Flyball, 9LM)
Jorge Colomo to second
Runner from 2nd tries for 3rd, SAFE, throw made to third
Batting: RHB Juan Ávila 0-0: Ball
1-0: Called Strike
1-1: Fly out, F9 (Flyball, 89S)
Bottom of the 5th over - 0 run(s), 3 hit(s), 0 error(s), 2 left on base; Vancouver 1 - Rocky Mountain 1
TOP OF THE 6TH
Vancouver Grey Wolves batting - Pitching for Rocky Mountain Nuggets : RHP Félix Jiménez
Batting: SHB Todd Schenkel 0-0: Foul Ball, location: 2F
0-1: Foul Ball, location: 2F
0-2: Ball
1-2: Ball
2-2: Strikes out swinging
Batting: LHB Timmy Appeldoorn 0-0: Called Strike
0-1: Ball
1-1: Foul Ball, location: 2F
1-2: Foul Ball, location: 2F
1-2: Ball
2-2: SINGLE (Line Drive, 34D)
Batting: LHB David Hubbard 0-0: Fly out, F7 (Popup, 78S)
Batting: RHB Luis Muñóz 0-0: Ball
Wild Pitch!
Timmy Appeldoorn to second
1-0: Ball
2-0: Ball
3-0: Called Strike
3-1: Foul Ball, location: 2F
3-2: Ground out 5-3 (Groundball, 56)
Top of the 6th over - 0 run(s), 1 hit(s), 0 error(s), 1 left on base; Vancouver 1 - Rocky Mountain 1
BOTTOM OF THE 6TH
Rocky Mountain Nuggets batting - Pitching for Vancouver Grey Wolves : LHP Allen Blair
Batting: RHB Toshitsugu Sakamoto 0-0: Ball
1-0: Foul Ball, location: 2F
1-1: Fly out, F8 (Flyball, 78D)
Now in CF: John Huff
Batting: RHB David Verhoeve 0-0: Called Strike
0-1: Ball
1-1: Fly out, F8 (Flyball, 8RD)
Batting: RHB Michael Riley 0-0: SINGLE (Line Drive, 34)
Batting: RHB Mark O'Monaghan 0-0: Ground out 6-3 (Groundball, 6)
Bottom of the 6th over - 0 run(s), 1 hit(s), 0 error(s), 1 left on base; Vancouver 1 - Rocky Mountain 1
TOP OF THE 7TH
Vancouver Grey Wolves batting - Pitching for Rocky Mountain Nuggets : RHP Félix Jiménez
Batting: RHB John Huff 0-0: Ball
1-0: Foul Ball, location: 2F
1-1: Called Strike
1-2: Ball
2-2: Strikes out swinging
Batting: RHB Ramón Cabral 0-0: Ball
1-0: Swinging Strike
1-1: Called Strike
1-2: Strikes out swinging
Batting: RHB Greg Robinson 0-0: Ball
1-0: Foul Ball, location: 2F
1-1: Ball
2-1: Ball
3-1: Swinging Strike
3-2: Fly out, F9 (Flyball, 9D)
Top of the 7th over - 0 run(s), 0 hit(s), 0 error(s), 0 left on base; Vancouver 1 - Rocky Mountain 1
BOTTOM OF THE 7TH
Rocky Mountain Nuggets batting - Pitching for Vancouver Grey Wolves : LHP Allen Blair
Batting: LHB Juan Ríos 0-0: Called Strike
0-1: Foul Ball, location: 2F
0-2: Ball
1-2: Strikes out swinging
Batting: LHB Randy Bowen 0-0: DOUBLE (Flyball, 8LXD)
Batting: SHB Jorge Colomo 0-0: Ball
1-0: Fly out, F8 (Line Drive, 8LM)
Pinch Hitting: RHB Wayne Rose 0-0: Swinging Strike
0-1: Swinging Strike
0-2: Ball
1-2: Foul Ball, location: 2F
1-2: Ground out 5-3 (Groundball, 56)
Bottom of the 7th over - 0 run(s), 1 hit(s), 0 error(s), 1 left on base; Vancouver 1 - Rocky Mountain 1
TOP OF THE 8TH
Vancouver Grey Wolves batting - Pitching for Rocky Mountain Nuggets : RHP Félix Jiménez
Now in RF: Jim Morris
Pinch Hitting: LHB Tony Reynolds 0-0: Ball
1-0: DOUBLE (Line Drive, 78D)
Batting: LHB Héctor Cortéz 0-0: Intentional Walk
Batting: SHB Todd Schenkel 0-0: Ball
1-0: Bunted foul
1-1: Ball
2-1: Bunted foul
2-2: Ball
3-2: Foul Ball, location: 2F
3-2: Base on Balls
Tony Reynolds to third
Héctor Cortéz to second
Batting: LHB Timmy Appeldoorn 0-0: Ball
1-0: Foul Ball, location: 2F
1-1: Hit by Pitch
Tony Reynolds scores
Héctor Cortéz to third
Todd Schenkel to second
Pitching: RHP Artie Horton
Batting: LHB David Hubbard 0-0: Called Strike
0-1: Foul Ball, location: 2F
0-2: DOUBLE (Line Drive, 9D)
Héctor Cortéz scores
Todd Schenkel scores
Timmy Appeldoorn to third
Batting: RHB Luis Muñóz 0-0: Intentional Walk
Batting: RHB John Huff 0-0: Called Strike
0-1: Grounds into fielders choice 5-2 (Groundball, 56)
David Hubbard to third
Luis Muñóz to second
Batting: RHB Ramón Cabral 0-0: Fly out, F8 (Flyball, 8RM)
Runner from 3rd tags up, OUT at HOME
Top of the 8th over - 3 run(s), 2 hit(s), 0 error(s), 2 left on base; Vancouver 4 - Rocky Mountain 1
BOTTOM OF THE 8TH
Rocky Mountain Nuggets batting - Pitching for Vancouver Grey Wolves : LHP Allen Blair
Now at 1B: Tony Reynolds
Batting: RHB Juan Ávila 0-0: Fly out, F4 (Popup, 4D)
Batting: RHB Toshitsugu Sakamoto 0-0: Foul Ball, location: 2F
0-1: Fly out, F7 (Line Drive, 7D)
Batting: RHB David Verhoeve 0-0: Called Strike
0-1: Swinging Strike
0-2: Strikes out swinging
Bottom of the 8th over - 0 run(s), 0 hit(s), 0 error(s), 0 left on base; Vancouver 4 - Rocky Mountain 1
TOP OF THE 9TH
Vancouver Grey Wolves batting - Pitching for Rocky Mountain Nuggets : RHP Artie Horton
Batting: RHB Greg Robinson 0-0: Called Strike
0-1: Ball
1-1: Fly out, F7 (Flyball, 7S)
Batting: LHB Tony Reynolds 0-0: Fly out, F8 (Flyball, 8LM)
Batting: LHB Héctor Cortéz 0-0: Fly out, F3 (Popup, 34S)
Top of the 9th over - 0 run(s), 0 hit(s), 0 error(s), 0 left on base; Vancouver 4 - Rocky Mountain 1
BOTTOM OF THE 9TH
Rocky Mountain Nuggets batting - Pitching for Vancouver Grey Wolves : LHP Allen Blair
Batting: RHB Michael Riley 0-0: Ball
1-0: Ground out 6-3 (Groundball, 6)
Batting: RHB Mark O'Monaghan 0-0: Called Strike
0-1: Ball
1-1: Fly out, F9 (Flyball, 89M)
Batting: LHB Juan Ríos 0-0: Ball
1-0: Ball
2-0: Ball
3-0: Called Strike
3-1: Ground out 4-3 (Groundball, 4S)
Bottom of the 9th over - 0 run(s), 0 hit(s), 0 error(s), 0 left on base; Vancouver 4 - Rocky Mountain 1
This league is powered by Out of the Park Baseball, the baseball management simulation game for PC, Mac and Linux
Friday, January 22nd, 2016 - OOTP Baseball 16.9 Build 39